 Dungeon Crawl Stone Soup version 0.29.1-1-gd02db6906a (webtiles) character file.

Game seed: 9378375699036608177

81 nshep25 the Stinger (level 4, 36/36 HPs)
             Began as a Naga Venom Mage on Oct 18, 2022.
             Quit the game on level 3 of the Dungeon.
             The game lasted 00:08:06 (3150 turns).

nshep25 the Stinger (Naga Venom Mage)               Turns: 3150, Time: 00:08:07

Health: 36/36      AC:  2    Str: 10    XL:     4   Next: 40%
Magic:  8/8        EV: 10    Int: 17    God:
Gold:   135        SH:  0    Dex: 12    Spells: 5/8 levels left

rFire   . . .      SeeInvis +   d - +4 dagger
rCold   . . .      Faith    .   (no shield)
rNeg    . . .      Spirit   .   a - +0 robe
rPois   +          Reflect  .   (no helmet)
rElec   .          Harm     .   (no cloak)
rCorr   .          Rampage  .   (no gloves)
Will    .....                   (no barding)
Stlth   ++........              (no amulet)
HPRegen 0.12/turn               (no ring)
MPRegen 0.11/turn               (no ring)

@: very slow
A: AC +1, large, see invisible, deformed body, poison resistance, slowness 2,
spit poison 1, naga tail 1
a: Spit Poison


You were on level 3 of the Dungeon.
You visited 1 branch of the dungeon, and saw 3 of its levels.

You collected 135 gold pieces.

Inventory:

Hand Weapons
 d - a +4 dagger (weapon)
Armour
 a - a +0 robe (worn)
Scrolls
 f - a scroll of immolation {unknown}
 g - a scroll of fear {unknown}
 h - a scroll of poison {unknown}
 j - a scroll of identify {unknown}
 k - 3 scrolls of enchant armour {unknown}
 o - a scroll of teleportation {unknown}
 p - a scroll of blinking {unknown}
Potions
 b - a potion of magic
 c - a potion of mutation {unknown}
 e - a potion of haste {unknown}
 i - a potion of curing {unknown}
 l - a potion of might {unknown}
 m - a potion of attraction {unknown}
 n - 4 potions of heal wounds {unknown}


   Skills:
 + Level 0.5 Short Blades
 + Level 1.7 Dodging
 + Level 3.1 Stealth
 + Level 2.9 Spellcasting
 + Level 1.4 Transmutations
 + Level 5.3 Poison Magic


You had 5 spell levels left.
You knew the following spells:

 Your Spells              Type           Power      Damage    Failure   Level
a - Sting                 Tmut/Pois      56%        1d5       4%          1
b - Poisonous Vapours     Pois/Air       22%        N/A       9%          2

Your spell library contained the following spells:

 Spells                   Type           Power      Damage    Failure   Level
 Olgreb's Toxic Radiance  Pois           20%        N/A       21%         4
 Mephitic Cloud           Conj/Pois/Air  8%         N/A       26%         3


Dungeon Overview and Level Annotations

Branches:
Dungeon (3/15)

Altars:

Shops:
D:1 (


Innate Abilities, Weirdness & Mutations

Your serpentine skin is tough. (AC +1)
You have supernaturally acute eyesight. (SInv)
Armour fits poorly on your strangely shaped body.
Your system is resistant to poisons. (rPois)
You cover ground very slowly.
You can spit poison.
You have a snake-like lower body.


Message History

Press: ? - help, Dir - move target, f - orc
Aim: an orc, wielding a +0 hand axe and quivering poisoned darts (wandering, hasn't noticed you) Poisonous vapours surround the orc!
The orc is poisoned.
Casting: Poisonous Vapours (safe; 9% risk of failure)
Confirm with . or Enter, or press ? or * to list all spells.
Aiming: Poisonous Vapours (safe; 9% risk of failure)
Press: ? - help, Dir - move target, f/p - orc
Aim: an orc, wielding a +0 hand axe and quivering poisoned darts (moderately wounded, poisoned) Poisonous vapours surround the orc!
The orc looks even sicker.
The orc throws a poisoned dart.
The poisoned dart misses you.
Casting: Poisonous Vapours (safe; 9% risk of failure)
Confirm with . or Enter, or press ? or * to list all spells.
Aiming: Poisonous Vapours (safe; 9% risk of failure)
Press: ? - help, Dir - move target, f/p - orc
Aim: an orc, wielding a +0 hand axe and quivering poisoned darts (heavily wounded, very poisoned) Poisonous vapours surround the orc!
The orc looks even sicker.
Casting: Poisonous Vapours (safe; 9% risk of failure)
Confirm with . or Enter, or press ? or * to list all spells.
Aiming: Poisonous Vapours (safe; 9% risk of failure)
Press: ? - help, Dir - move target, f/p - orc
Aim: an orc, wielding a +0 hand axe and quivering poisoned darts (heavily wounded, very poisoned) Poisonous vapours surround the orc!
The orc looks as sick as possible!
You kill the orc!
You start resting.
Magic restored.
p - a scroll labelled IGEQU ROCI You now have 134 gold pieces (gained 16).
Things that are here:
a +0 hand axe; 4 poisoned darts
Found a gold piece.
You now have 135 gold pieces (gained 1).
Found a stone staircase leading up.
There is a stone staircase leading up here.
Found a crystal plate armour.
Found a stone staircase leading up.
Found a stone staircase leading down.
You see here a +0 crystal plate armour.
q - a +0 crystal plate armour You drop a +0 crystal plate armour.
Are you sure you want to abandon this character and quit the game? (Confirm with "yes".)

#.##..<.......##
#.##.#.###.##.#
#..........# .#
#####.#.#####
........#
<.....#.#
#####.#.# # #.##
#..#@# #..###.#
#.. ## ... >.#.
##.# #


There were no monsters in sight!

Vanquished Creatures
  2 adders (D:3)
  A worm (D:2)
  2 orcs (D:3)
  6 endoplasms (D:1)
  2 giant cockroaches (D:1)
  2 goblins
  4 hobgoblins
  8 jackals
  6 quokkas
  4 ball pythons (D:1)
  A bat (D:1)
  4 frilled lizards (D:1)
  A kobold (D:2)
  9 rats
52 creatures vanquished.

Vanquished Creatures (others)
  A plant (D:1)
1 creature vanquished.

Grand Total: 53 creatures vanquished

Notes
Turn   | Place    | Note
-------+----------+-------------------------------------------
     0 | D:1      | nshep25 the Naga Venom Mage began the quest for the Orb.
     0 | D:1      | Reached XP level 1. HP: 15/15 MP: 3/3
   115 | D:1      | Reached XP level 2. HP: 22/22 MP: 0/5
   418 | D:1      | Found Pesut's Antique Weapon Boutique.
   624 | D:1      | Reached XP level 3. HP: 18/28 MP: 6/6
   986 | D:1      | Reached skill level 5 in Poison Magic
  1206 | D:1      | Learned a level 2 spell: Poisonous Vapours
  1690 | D:2      | Found a faded altar of an unknown god.
  2367 | D:2      | Reached XP level 4. HP: 33/36 MP: 8/8
  3150 | D:3      | Quit the game

Illustrated notes

Levels and vault maps discovered:
D:1:      psy_arrival_conway, layout_basic, serial_shops,
          nicolae_shop_window_shopping
D:2:      layout_basic, shapermc_ecumenical_altar_pompeii,
          minmay_rat_gold_closets
D:3:      layout_loops_ring, nicolae_elyvilon_temple_path

Skill      XL: |  1  2  3 |
---------------+----------+-----
Poison Magic   | 5 |  5.3
Short Blades   | |  0.5
Dodging        | |  1.7
Stealth        | |  3.1
Spellcasting   | |  2.9
Transmutations | |  1.4

Action                   |  1- 3 |  4- 6 || total
-------------------------+-------+-------++-------
Melee: Dagger            |    30 |    22 ||    52
 Cast: Sting             |    53 |       ||    53
       Poisonous Vapours |     3 |     7 ||    10
 Abil: Spit Poison       |    22 |       ||    22
Armor: Robe              |     3 |     7 ||    10
Dodge: Dodged            |    21 |    17 ||    38
